 Dungeon Crawl Stone Soup version 0.17.0-56-gd8de76c (webtiles) character file.

63 Peloso the Covered (level 3, -3/33 HPs)
             Began as a Minotaur Fighter on Dec 5, 2015.
             Slain by Pikel
             ... wielding a +0 whip of flaming
              (7 damage)
             ... on level 4 of the Dungeon.
             The game lasted 00:05:09 (1811 turns).

Peloso the Covered (Minotaur Fighter)               Turns: 1811, Time: 00:05:09

Health: -3/33      AC:  7    Str: 20    XL:     3   Next: 87%
Magic:  2/2        EV:  8    Int:  5    God:
Gold:   180        SH: 10    Dex: 10    Spells: 0 memorised, 2 levels left

rFire  . . .     SeeInvis .     a - +1 long sword
rCold  . . .     Clarity  .     b - +0 scale mail
rNeg   . . .     SustAt   .     c - +1 shield
rPois  .         Gourm    .     (helmet restricted)
rElec  .         Spirit   .     (no cloak)
rCorr  .         Warding  .     (no gloves)
rMut   .         Stasis   .     (no boots)
MR     .....                    p - amulet of rage
Stlth  ..........               (no ring)
                                (no ring)

@: not resistant to hostile enchantments, extremely unstealthy
A: retaliatory headbutt, horns 2
a: Evoke Berserk Rage


You were on level 4 of the Dungeon.
You were not hungry.

You visited 1 branch of the dungeon, and saw 4 of its levels.

You collected 180 gold pieces.

Inventory:

Hand Weapons
 a - a +1 long sword (weapon)
Armour
 b - a +0 scale mail (worn)
 c - a +1 shield (worn)
Jewellery
 p - an amulet of rage (around neck)
Scrolls
 m - a scroll of remove curse
Potions
 d - a potion of might
 g - 3 potions of brilliance
 i - a potion of cancellation
 n - a potion of invisibility
 q - a potion of agility {unknown}
 r - a potion of heal wounds {unknown}
Comestibles
 e - 4 bread rations
 j - 3 chunks of flesh
 k - 2 meat rations


   Skills:
 + Level 4.1 Fighting
 + Level 2.8 Long Blades
 + Level 4.3 Armour
 + Level 1.3 Dodging
 + Level 4.3 Shields


You had 2 spell levels left.
You didn't know any spells.

Dungeon Overview and Level Annotations

Branches:
Dungeon (4/15)
 Temple: D:4-7

Altars:
Elyvilon
Nemelex Xobeh
Ru
Trog
Yredelemnul
The Shining One

Annotations:
D:4 Pikel


Innate Abilities, Weirdness & Mutations

You reflexively headbutt those who attack you in melee.
You have a pair of horns on your head.


Message History

Unknown command.
You closely miss Pikel.
Pikel is severely wounded.
Pikel barely misses you. Pikel completely misses you.
Unknown command.
You miss Pikel.
Pikel is severely wounded.
Pikel hits you with a whip of flaming.
* * * LOW HITPOINT WARNING * * *
Pikel burns you.
* * * LOW HITPOINT WARNING * * *
Unknown command.
Drink which item? (? for menu, Esc to quit)
Okay, then.
Drink which item? (? for menu, Esc to quit)
Okay, then.
Pikel says, "Slavery isn't that bad."
Found 4 fruits.
Found a stone staircase leading down.
Pikel hits you with a whip of flaming!
You die...

### #.. #.# #.#
####.#######
#..pp.pp.K.#
#.##.#####@# #.##.#
#.# #p##.# #.%
......ppp........##
K..p..%.......##>.
##.<......#..#.#.#
##.###..###......
#. #.#. ..#.. #
#.## .


You could see Pikel and 4 slaves.

Vanquished Creatures
  A worm (D:3)
  2 giant geckos
  5 bats
  7 giant cockroaches
  6 hobgoblins
  6 jackals
  6 kobolds
  2 quokkas (D:3)
  A ball python (D:1)
  8 giant newts
  8 goblins
  4 rats (D:1)
56 creatures vanquished.

Notes
Turn   | Place    | Note
--------------------------------------------------------------
     0 | D:1      | Peloso the Minotaur Fighter began the quest for the Orb.
     0 | D:1      | Reached XP level 1. HP: 19/19 MP: 0/0
   137 | D:1      | Reached skill level 4 in Shields
   137 | D:1      | Reached XP level 2. HP: 22/27 MP: 1/1
   844 | D:2      | Reached XP level 3. HP: 30/33 MP: 2/2
   977 | D:2      | Found a basalt altar of Yredelemnul.
   986 | D:2      | Found a glowing golden altar of the Shining One.
   990 | D:2      | Noticed a profane servitor
   998 | D:2      | Noticed an angel
  1180 | D:3      | Reached skill level 1 in Dodging
  1223 | D:3      | Found a bloodstained altar of Trog.
  1304 | D:3      | Found a sacrificial altar of Ru.
  1324 | D:3      | Found a sparkling altar of Nemelex Xobeh.
  1324 | D:3      | Found a white marble altar of Elyvilon.
  1778 | D:4      | Noticed Pikel
  1778 | D:4      | Noticed a slave
  1778 | D:4      | Noticed a slave
  1791 | D:4      | Noticed a slave
  1792 | D:4      | Noticed a slave
  1811 | D:4      | Slain by Pikel

Action                   || total
-------------------------++-------
Melee: Long sword        ||   143
  Use: Scroll            ||     9
  Eat: Chunk             ||     3
